 Dungeon Crawl Stone Soup version 0.27-a0-1245-g940ed4fa31 (webtiles) character file.

Game seed: 13475039152810897843

30996 CorFL the Warrior (level 13, -11/130 HPs)
             Began as a Green Draconian Berserker on June 8, 2021.
             Was a Priest of Trog.
             Mangled by a naga warrior
             ... wielding a +0 flail
              (12 damage)
             ... on level 1 of the Snake Pit on June 9, 2021.
             The game lasted 01:45:01 (23955 turns).

CorFL the Warrior (Green Draconian Berserker)      Turns: 23955, Time: 01:45:02

Health: -11/130    AC: 17    Str: 24    XL:     13   Next: 23%
Magic:  0/22       EV: 12    Int:  9    God:    Trog [***...]
Gold:   762        SH:  0    Dex: 10    Spells: 12/12 levels left

rFire    . . .     SeeInvis .   K - +4 war axe (vorpal)
rCold    . . .     Faith    .   (no shield)
rNeg     . . .     Spirit   +   (armour unavailable)
rPois    +         Reflect  .   (helmet restricted)
rElec    .         Harm     .   r - +2 cloak
rCorr    .         Rampage  .   W - +0 pair of gloves
Will     .....                  u - +0 pair of boots
Stlth    +.........             x - amulet of guardian spirit
HPRegen  0.31/turn              J - +4 ring of protection
MPRegen  0.18/turn              (no ring)

@: mighty, lethally poisoned (-11 -> -15), short of breath
A: breathe noxious fumes, AC +8, unfitting armour, poison resistance,
cold-blooded
a: Breathe Noxious Fumes, Renounce Religion, Berserk, Trog's Hand


You were on level 1 of the Snake Pit.
You worshipped Trog.
Trog was most pleased with you.
You visited 3 branches of the dungeon, and saw 17 of its levels.
You also visited: Sewer.

You collected 788 gold pieces.
You spent 26 gold pieces at shops.

Inventory:

Hand Weapons
 K - a +4 vorpal war axe (weapon)
 V - a +4 battleaxe
Missiles
 e - 34 boomerangs (quivered)
 k - 26 poisoned darts
 m - 18 curare-tipped darts
 p - 4 javelins
 s - 3 throwing nets
 O - 6 boomerangs of dispersal
Armour
 r - a +2 cloak (worn)
 u - a +0 pair of boots (worn)
 W - a +0 pair of gloves (worn)
Jewellery
 x - an amulet of guardian spirit (around neck)
 G - an amulet of reflection
 J - a +4 ring of protection (left hand)
Wands
 j - a wand of acid (7)
 v - a wand of flame (41)
 z - a wand of charming (5)
 E - a wand of polymorph (9)
 M - a wand of iceblast (15)
 N - a wand of mindburst (10)
 T - a wand of paralysis (10)
Scrolls
 a - a scroll of acquirement
 d - a scroll of enchant armour {unknown}
 f - 3 scrolls of teleportation
 h - a scroll of silence {unknown}
 l - 2 scrolls of fear
 n - 4 scrolls of magic mapping
 q - 3 scrolls of noise
 t - a scroll of holy word {unknown}
 y - a scroll of enchant weapon {unknown}
 C - a scroll of brand weapon
 L - 5 scrolls of immolation
 R - a scroll of blinking {unknown}
Potions
 b - a potion of curing
 c - a potion of berserk rage
 g - 2 potions of cancellation
 i - 2 potions of flight
 o - a potion of might
 A - a potion of invisibility
 B - 3 potions of mutation
 D - a potion of haste
 F - 3 potions of attraction
 H - 2 potions of lignification
 I - 2 potions of ambrosia
 P - 3 potions of resistance
 S - a potion of brilliance
Miscellaneous
 Q - a phantom mirror


   Skills:
 * Level 16.8 Fighting
 + Level 11.7 Axes
 - Level 2.6 Dodging
 + Level 12.2 Invocations


You had 12 spell levels left.
You didn't know any spells.
Your spell library was empty.

Dungeon Overview and Level Annotations

Branches:
Dungeon (12/15)            Temple (0/1) D:6            Lair (4/6) D:10
 Shoals (0/4) Lair:2        Snake (1/4) Lair:2          Orc (0/2) D:11
  Sewer (visited)

Altars:
Ashenzari
Dithmenos
Fedhas
Makhleb
Nemelex Xobeh
Trog
Uskayaw
Yredelemnul
The Shining One

Shops:
D:5 *

Annotations:
D:5 2 transporters, AmisE's ghost, novice DDBe
D:9 1 runed translucent door
D:12 Josephine


Innate Abilities, Weirdness & Mutations

You can breathe blasts of noxious fumes.
Your lurid green scales are hard. (AC +8)
You cannot fit into any form of body armour.
Your system is resistant to poisons. (rPois)
You are cold-blooded and may be slowed by cold attacks.


Message History

Your black bear closely misses the naga warrior.
The naga warrior blocks your black bear's attack.
The naga warrior loses its grip on your black bear.
You slash the naga warrior!
You tail-slap the naga warrior, but do no damage.
The naga warrior is heavily wounded.
Your black bear bites the naga warrior!
Your black bear claws the naga warrior. x2
You slice the naga warrior!!
The naga warrior is almost dead.
The naga warrior blocks your black bear's attack.
Your black bear claws the naga warrior.
The naga warrior blocks your black bear's attack.
The naga warrior hits your black bear with a +0 flail!!
Your black bear dies!
Your black bear's corpse disappears in a puff of smoke!
The naga warrior shouts!
You hit the naga warrior.
The naga warrior is almost dead.
The naga warrior spits poison at you.
The splash of poison hits you but does no damage.
You are poisoned.
You resist. The naga warrior blocks your attack.
The naga warrior is almost dead.
You feel very sick.
The naga warrior hits you with a +0 flail!
* * * LOW HITPOINT WARNING * * *
The naga warrior closely misses you.
Okay, then.
You feel very mighty all of a sudden.
You feel sick.
The naga warrior hits you with a +0 flail!
* * * LOW HITPOINT WARNING * * *
The naga warrior closely misses you.
As you read the scroll of fear, it crumbles to dust.
You assume a fearsome visage.
The naga warrior easily resists.
* * * LOW HITPOINT WARNING * * *
You feel sick.
The naga warrior hits you with a +0 flail!
You die...

..## ...#
##..# #...#
#.(.# #...#
#...# #@..#
#.N.# #...#
.# #...# .#
#.).# ..##
#<..# ...##
#...# #..#.#
#[..###......
#....#...#


You could see a naga warrior.

Vanquished Creatures
  A boulder beetle (D:11)
  4 two-headed ogres
  Sonja (Lair:3)
  A naga ritualist (Snake:1)
  An oklob plant (Lair:3)
  2 naga magi (Snake:1)
  4 elephants (Lair:2)
  2 manticores
  3 black mambas
  5 cane toads
  A komodo dragon (D:10)
  An unseen horror (D:11)
  A rime drake (Lair:1)
  A wind drake (Lair:2)
  A hornet (D:9)
  3 trolls
  A raiju (shapeshifter) (D:9)
  5 blink frogs (Lair:2)
  11 dream sheep
  A meliai zombie (D:10)
  Sigmund (D:6)
  2 wraiths
  4 wyverns
  2 vampires
  3 basilisks
  32 yaks
  A steam dragon (D:8)
  2 wargs (D:11)
  An acid dragon (D:11)
  6 nagas
  6 water moccasins
  Duvessa (D:4)
  7 orc warriors
  A sky beast (D:6)
  3 black bears
  2 ice beasts (D:5)
  2 ogres
  7 centaurs
  A phantom (D:4)
  11 wolves
  2 necrophages (D:4)
  8 bullfrogs
  4 kobold brigands
  3 gnoll sergeants
  3 wyvern zombies
  5 scorpions
  Dowan (D:4)
  A water moccasin skeleton (D:5)
  12 killer bees
  14 wights
  2 electric eels
  3 bullfrog zombies
  2 jellies
  2 hounds (D:5)
  7 orc priests
  3 centaur zombies
  Crazy Yiuf (D:2)
  2 centaur skeletons
  Jessica (D:2)
  A bullfrog skeleton (D:7)
  Natasha (thrice) (D:2)
  An iguana (D:7)
  11 orc wizards
  A killer bee zombie (D:9)
  A hound skeleton (D:5)
  4 howler monkey zombies
  A howler monkey skeleton (D:6)
  17 gnolls
  9 adders
  4 river rats
  2 ufetubi (D:5)
  4 worms
  3 dart slugs
  29 orcs
  6 bats
  14 endoplasms
  5 giant cockroaches
  8 goblins
  12 hobgoblins
  3 jackals (D:2)
  16 kobolds
  8 quokkas
  7 ball pythons
  5 frilled lizards
  8 rats
404 creatures vanquished.

Vanquished Creatures (collateral kills)
  A skeletal warrior (D:9)
  A cyclops (D:9)
  A cane toad (Lair:4)
  A komodo dragon (Lair:4)
4 creatures vanquished.

Vanquished Creatures (others)
  A gnoll (D:7)
  27 fungi
  54 plants
82 creatures vanquished.

Grand Total: 490 creatures vanquished

Notes
Turn   | Place    | Note
-------+----------+-------------------------------------------
     0 | D:1      | CorFL the Draconian Berserker began the quest for the Orb.
     0 | D:1      | Reached XP level 1. HP: 19/19 MP: 1/1
   108 | D:1      | Found a faded altar of an unknown god.
   138 | D:1      | Reached XP level 2. HP: 18/26 MP: 2/2
   299 | D:1      | Reached skill level 1 in Invocations
   325 | D:1      | Reached skill level 4 in Fighting
   493 | D:1      | Reached XP level 3. HP: 28/33 MP: 3/3
  1313 | D:1      | Reached ** piety under Trog
  1718 | D:2      | Reached XP level 4. HP: 39/41 MP: 5/5
  1812 | D:2      | Noticed Jessica
  1814 | D:2      | Noticed Natasha
  1823 | D:2      | Killed Jessica
  1825 | D:2      | Killed Natasha
  1826 | D:2      | Reached skill level 5 in Fighting
  1891 | D:2      | Noticed Natasha
  1905 | D:2      | Killed Natasha
  1906 | D:2      | Reached XP level 5. HP: 31/48 MP: 6/6
  1991 | D:2      | Noticed Natasha
  2003 | D:2      | Killed Natasha
  2364 | D:2      | Found a runed translucent door.
  2365 | D:2      | Noticed Crazy Yiuf
  2512 | D:2      | Killed Crazy Yiuf
  3069 | D:3      | Found a glowing drain.
  3071 | D:3      | Reached XP level 6. HP: 57/57 MP: 8/8
  3076 | Sewer    | Entered a sewer
  3121 | Sewer    | Reached *** piety under Trog
  3405 | Sewer    | Reached skill level 6 in Fighting
  3929 | Sewer    | Your scales start taking on a lurid green colour.
  3929 | Sewer    | Reached XP level 7. HP: 27/64 MP: 9/9
  3929 | Sewer    | Gained mutation: Your system is resistant to poisons.
                  | (rPois) [Green Draconian growth]
  4769 | D:3      | Reached skill level 7 in Fighting
  4859 | D:3      | Found a bloodstained altar of Trog.
  4958 | D:4      | Found a broken altar of Ashenzari.
  5157 | D:4      | Reached skill level 5 in Axes
  5657 | D:4      | Noticed Duvessa
  5657 | D:4      | Noticed Dowan
  5668 | D:4      | Killed Dowan
  5684 | D:4      | Killed Duvessa
  6059 | D:4      | Reached skill level 8 in Fighting
  6059 | D:4      | Reached XP level 8. HP: 72/74 MP: 11/11
  6074 | D:4      | Found a burning altar of Makhleb.
  6077 | D:4      | Found a blossoming altar of Fedhas.
  6077 | D:4      | Found a glowing golden altar of the Shining One.
  6090 | D:4      | Found a hide-covered altar of Uskayaw.
  6093 | D:4      | Found a basalt altar of Yredelemnul.
  6175 | D:4      | Reached **** piety under Trog
  6419 | D:5      | Entered Level 5 of the Dungeon
  6448 | D:5      | Reached skill level 5 in Invocations
  6492 | D:5      | Found Xeymyaci's General Store.
  6499 | D:5      | Bought a scroll of identify for 26 gold pieces
  6500 | D:5      | Found a transporter.
  6500 | D:5      | Noticed AmisE's ghost (novice DDBe)
  6501 | D:5      | Identified the +6 dire flail "Ranleupp" {spect, Str+5}
  6502 | D:5      | Found a transporter.
  7029 | D:5      | Reached skill level 9 in Fighting
  7801 | D:6      | Noticed Sigmund
  7828 | D:6      | Killed Sigmund
  8134 | D:6      | Reached XP level 9. HP: 82/85 MP: 13/13
  8215 | D:6      | Reached skill level 10 in Fighting
  8517 | D:6      | Found a staircase to the Ecumenical Temple.
  9479 | D:7      | Reached skill level 11 in Fighting
  9777 | D:7      | Found a shadowy altar of Dithmenos.
 10312 | D:8      | Reached XP level 10. HP: 79/92 MP: 13/15
 10747 | D:9      | Reached ***** piety under Trog
 10910 | D:9      | Found a runed translucent door.
 11059 | D:9      | Reached skill level 12 in Fighting
 11694 | D:9      | Found a sparkling altar of Nemelex Xobeh.
 11702 | D:9      | Noticed a two-headed ogre
 11718 | D:9      | Killed a two-headed ogre
 11849 | D:9      | Found a runed translucent door.
 11936 | D:9      | Noticed a manticore
 11943 | D:9      | Killed a manticore
 12167 | D:9      | Received a gift from Trog
 12279 | D:9      | Reached skill level 13 in Fighting
 12414 | D:9      | Noticed a skeletal warrior
 12414 | D:9      | Noticed a cyclops
 12442 | D:9      | Killed a skeletal warrior
 12442 | D:9      | Killed a cyclops
 12443 | D:9      | Reached XP level 11. HP: 81/107 MP: 13/17
 12815 | D:10     | Entered Level 10 of the Dungeon
 13289 | D:10     | Noticed a two-headed ogre
 13297 | D:10     | Killed a two-headed ogre
 13439 | D:10     | Noticed a two-headed ogre
 13457 | D:10     | Killed a two-headed ogre
 13458 | D:10     | Reached skill level 14 in Fighting
 13458 | D:10     | Reached skill level 10 in Invocations
 13836 | D:10     | Found a staircase to the Lair.
 14534 | D:11     | Noticed a two-headed ogre
 14557 | D:11     | Killed a two-headed ogre
 14733 | D:11     | Reached skill level 10 in Axes
 15050 | D:11     | Found a staircase to the Orcish Mines.
 15093 | D:11     | Noticed a boulder beetle
 15168 | D:11     | Killed a boulder beetle
 16286 | D:12     | Noticed Josephine
 16286 | D:12     | Noticed a boulder beetle
 16312 | Lair:1   | Entered Level 1 of the Lair of Beasts
 16335 | Lair:1   | Reached XP level 12. HP: 106/118 MP: 17/20
 16696 | Lair:1   | Reached skill level 15 in Fighting
 16797 | Lair:1   | Found the +8 demon trident "Rift" {distort, reach+}
 18549 | Lair:2   | Found a staircase to the Snake Pit.
 18638 | Lair:2   | Found a staircase to the Shoals.
 19055 | Lair:2   | Upgraded the game from 0.27-a0-1232-gc6a4cbde82 to
                  | 0.27-a0-1245-g940ed4fa31
 19680 | Lair:3   | Found a basalt altar of Yredelemnul.
 20351 | Lair:3   | Noticed Sonja
 20374 | Lair:3   | Killed Sonja
 20790 | Lair:3   | Reached skill level 16 in Fighting
 21507 | Lair:4   | Received a gift from Trog
 21681 | Lair:4   | Reached XP level 13. HP: 129/130 MP: 19/21
 22642 | Snake:1  | Entered Level 1 of the Snake Pit
 23623 | Lair:2   | Identified a scroll of acquirement
 23954 | Snake:1  | HP: 3/130 [naga warrior/+0 flail (14)]
 23955 | Snake:1  | HP: 1/130 [poisoned by a naga warrior (splash of poison)]
 23955 | Snake:1  | Mangled by a naga warrior

Illustrated notes

Levels and vault maps discovered:
D:1:      psy_arrival_statuary, layout_loops_corners, basic_ecumenical_altar
D:2:      layout_rooms, uniq_natasha, uniq_crazy_yiuf_cottage, uniq_jessica
D:3:      layout_basic, lightli_temple_of_fire, gup_sewer_entry_bubbles,
          minivault_27
D:4:      layout_loops_corners, general_overflow_altar,
          minmay_overflow_temple_star_hex, minmay_ogre_servants, uniq_duvessa
D:5:      layout_basic, serial_shops, shop, gammafunk_ghost_smash
D:6:      layout_rooms, minmay_temple_entry_glassed_door, uniq_sigmund
D:7:      layout_gridville, lemuel_crystal_altar
D:8:      layout_basic, palyth_stone_intersect, nrook_pool_corridor
D:9:      cheibrodos_histonic, layout_basic, kennysheep_little_box
D:10:     layout_grid_maze, grunt_lair_entry_orc_guard_hut
D:11:     layout_loops_ring, erik_orc_4
D:12:     layout_roguey, grunt_ministairs_3, uniq_josephine
Lair:1:   layout_roguey, serial_bayou, serial_bayou_pond_a, serial_bayou_pond_d,
          serial_bayou_pond_c, serial_bayou_crossing, serial_bayou_shore_b,
          patterned_corridor, lemuel_fruit_tree
Lair:2:   layout_cave_pods, minmay_shoals_entry_beasts,
          minmay_snake_entry_guardpost_medium
Lair:3:   layout_cave_pods, special_room, lemuel_centaur_altar,
          grunt_megastairs_2, uniq_sonja
Lair:4:   layout_long_grid, serial_bayou_lagoon_a, roderic_batcave,
          minmay_lair_oklob_chamber, grunt_megastairs_4
Snake:1:  layout_concentric_octagons, uniq_aizul

Skill      XL: |  1  2  3  4  5  6  7  8  9 10 11 12 13 |
---------------+----------------------------------------+-----
Invocations    | 1 2 3 4 6 7 9 10 11 12 | 12.2
Fighting       | 4 5 6 8 9 11 13 14 16 | 16.8
Axes           | 4 5 6 7 9 10 11 | 11.7
Dodging        | |  2.6

Action                   |  1- 3 |  4- 6 |  7- 9 | 10-12 | 13-15 || total
-------------------------+-------+-------+-------+-------+-------++-------
Melee: Hand axe          |   124 |   223 |   438 |       |       ||   785
       Tailslap          |     7 |    33 |    75 |   109 |    18 ||   242
       War axe           |       |       |    44 |   670 |    63 ||   777
       Battleaxe         |       |       |       |     2 |    45 ||    47
Throw: Boomerang         |     9 |     4 |     2 |     7 |    13 ||    35
       Dart              |       |       |    39 |    92 |     1 ||   132
Invok: Berserk           |       |     2 |     5 |     2 |       ||     9
       Trog's Hand       |       |       |     4 |     2 |     1 ||     7
       Brothers in Arms  |       |       |       |     1 |     4 ||     5
 Abil: Breathe Noxious F |       |       |    13 |    23 |     3 ||    39
Evoke: Wand              |       |       |       |     7 |     2 ||     9
  Use: Scroll            |     2 |     2 |     7 |    11 |     7 ||    29
       Potion            |       |     1 |     1 |     1 |     4 ||     7
 Stab: Sleeping          |     1 |       |       |       |       ||     1
       Confused          |       |       |     4 |    13 |       ||    17
       Distracted        |       |       |       |     1 |       ||     1
       Fleeing           |       |       |       |       |     1 ||     1
Armor: Skin              |    27 |    71 |   204 |   417 |    76 ||   795
Dodge: Dodged            |    84 |   138 |   314 |   452 |    98 ||  1086

Table legend: (Time is in decaauts)
 A = Elapsed time spent in this place.
 B = Non-inter-level travel time spent in this place.
 C = Inter-level travel time spent in this place.
 D = Time resting spent in this place.
 E = Time spent auto-exploring this place.
 F = Levels seen in this place.
 G = Mean time per level.
                   A        B        C        D        E       F      G
               +--------+--------+--------+--------+--------+-----+--------+
         Total |  24367 |  23827 |    540 |   1694 |  18066 |  18 | 1353.7 |
       Dungeon |  15229 |  14909 |    320 |    291 |  12153 |  12 | 1269.1 |
          Lair |   7394 |   7174 |    220 |   1403 |   4691 |   4 | 1848.5 |
     Snake Pit |    298 |    298 |      0 |      0 |    113 |   1 |  298.0 |
         Sewer |   1445 |   1445 |      0 |      0 |   1108 |   1 | 1445.0 |
               +--------+--------+--------+--------+--------+-----+--------+

Top non-repeatable levels by time:
  Lair:2: 2943 daAuts
  Lair:3: 2380 daAuts
     D:9: 2126 daAuts
    D:11: 1772 daAuts
    D:10: 1734 daAuts
     D:1: 1611 daAuts
     D:4: 1484 daAuts
   Sewer: 1445 daAuts
     D:5: 1371 daAuts
  Lair:4: 1150 daAuts
     D:2: 1109 daAuts
     D:7: 1088 daAuts
     D:6: 1066 daAuts
     D:3: 1043 daAuts
  Lair:1: 920 daAuts
